Map: Blackburn LE

Players

Reynor - Winner!

  • Race: Zerg Zerg

PtitDrogo

  • Race: Protoss Protoss

Event: DreamHack SC2 Masters 2021 Winter

VOD

Have the link to the VOD?

Description

Time

  • Played on: Oct. 7, 2021, 11:59 a.m.
  • Length: 14:39

All games in this series

Show
View Real Time Build Order
Export as new Build Order

Reynor Zerg - Winner!

Build Orders: 3 Hatch before Pool 

Get SALT Encoding   

  12  0:00  Drone  
  13  0:12  Overlord  
  13  0:17  Drone  
  14  0:30  Drone x2  
  16  0:52  Hatchery  
  16  0:54  Drone  
  16  0:58  Drone  
  17  1:21  Hatchery  
  16  1:35  Spawning Pool  
  15  1:40  Drone  
  15  1:46  Drone  
  17  1:53  Drone  
  18  2:22  Zergling x10  
  23  2:29  Queen  
  25  2:35  Zergling x2  
  26  2:41  Zergling x4  
  26  2:52  Zergling x2  
  26  2:55  Overlord  
  24  2:59  Zergling x2  
  24  3:03  Spine Crawler  
  20  3:13  Drone  
  20  3:14  Drone  
  20  3:21  Zergling x2  
  20  3:23  Zergling x2  
  20  3:28  Drone  
  20  3:34  Drone  
  22  3:39  Drone  
  23  3:44  Drone  
  23  3:48  Drone  
  23  4:07  Drone  
  22  4:20  Hatchery  
  22  4:23  Drone  
  22  4:24  Drone  
  22  4:27  Drone  
  22  4:28  Drone  
  23  4:31  Extractor  
  22  4:41  Queen  
  22  4:43  Zergling x2  
  25  4:47  Drone  
  25  4:50  Drone  
  27  4:53  Zergling x2  
  27  4:57  Zergling x2  
  29  5:00  Drone  
  29  5:03  Drone  
  31  5:08  Spore Crawler  
  31  5:12  Drone  
  31  5:14  Drone  
  32  5:17  Drone  
  34  5:21  Drone  
  34  5:29  Queen  
  34  5:35  Metabolic Boost  
  36  5:38  Drone  
  37  5:43  Overlord  
  37  5:55  Overlord  
  37  6:03  Drone  
  37  6:04  Drone  
  39  6:05  Hatchery  
  39  6:06  Drone  
  39  6:07  Drone  
  39  6:09  Drone  
  41  6:12  Drone  
  41  6:15  Spore Crawler  
  41  6:20  Queen  
  41  6:21  Drone  
  41  6:23  Drone  
  45  6:27  Drone x2  
  45  6:31  Overlord  
  47  6:35  Overlord  
  47  6:38  Drone x2  
  49  6:50  Overlord  
  49  6:52  Drone x3  
  52  6:59  Queen  
  54  7:02  Overlord  
  52  7:12  Queen  
  52  7:15  Spore Crawler  
  52  7:17  Zergling x14  
  52  7:18  Queen  
  58  7:31  Zergling x4  
  58  7:35  Drone x3, Queen, Spore Crawler  
  65  7:41  Overlord  
  65  7:43  Drone  
  65  7:44  Drone x3  
  68  7:48  Queen  
  70  7:53  Overlord  
  70  7:54  Queen  
  72  8:01  Zergling x8  
  72  8:05  Overlord  
  76  8:07  Drone  
  76  8:11  Queen  
  75  8:23  Queen  
  75  8:26  Zergling x20  
  84  8:29  Queen  
  84  8:36  Spore Crawler  
  83  8:46  Queen  
  84  8:49  Zergling x16  
  85  8:59  Queen, Overlord  
  85  9:01  Drone x2  
  82  9:05  Queen  
  82  9:06  Drone  
  82  9:07  Extractor  
  83  9:14  Zergling x2  
  83  9:15  Zergling x10  
  89  9:22  Drone x3  
  92  9:24  Lair  
  92  9:29  Overlord, Roach Warren  
  89  9:33  Drone x4  
  89  9:35  Queen  
  94  9:38  Drone x2  
  94  9:39  Drone x3  
  94  9:40  Spore Crawler  
  94  9:41  Queen  
  100  9:49  Overlord  
  100  9:53  Drone x5  
  100  9:55  Extractor x2  
  100  9:59  Extractor  
  101  10:00  Extractor  
  98  10:10  Queen, Roach x7  
  98  10:13  Roach x2  
  110  10:16  Queen  
  110  10:19  Drone x3  
  115  10:22  Evolution Chamber  
  115  10:23  Glial Reconstitution  
  115  10:25  Queen  
  116  10:30  Roach x2  
  116  10:35  Spore Crawler  
  119  10:43  Infestation Pit  
  119  10:46  Drone  
  119  10:51  Zerg Missile Weapons Level 1  
  119  10:54  Roach x3  
  119  10:56  Hatchery  
  124  10:59  Overlord  
  124  11:03  Overseer  
  124  11:12  Drone x2  
  126  11:21  Infestor x3  
  126  11:22  Infestor  
  126  11:24  Overlord x2  
  134  11:28  Roach  
  134  11:29  Roach  
  137  11:36  Overlord  
  131  11:40  Roach  
  131  11:41  Roach x4  
  131  11:44  Overlord  
  131  11:45  Roach x3  
  131  11:46  Roach x2  
  147  11:52  Overlord  
  144  12:03  Roach x4  
  144  12:04  Roach x3  
  144  12:06  Overlord  
  157  12:18  Roach x4  
  163  12:26  Queen  
  158  12:45  Roach x9  
  158  12:51  Hydralisk Den  
  171  13:00  Hatchery, Overlord  
  171  13:03  Hive, Queen  
  172  13:13  Drone x10  
  172  13:14  Queen  
  184  13:25  Lurker Den  
  184  13:26  Ravager x6  
  189  13:34  Hydralisk x2  
  189  13:36  Overlord  
  191  13:47  Hydralisk x4  
  193  13:54  Drone x3  
  193  13:55  Drone x2  
  189  13:59  Hydralisk x2  
  193  14:07  Overlord  
  193  14:08  Overseer  
Show
View Real Time Build Order
Export as new Build Order

PtitDrogo Protoss 

Build Orders:  

Get SALT Encoding   

  12  0:00  Probe  
  13  0:12  Probe  
  14  0:19  Pylon  
  14  0:24  Probe  
  15  0:37  Probe (Chrono Boost)  
  15  0:40  Gateway  
  16  0:47  Probe (Chrono Boost)  
  17  0:50  Assimilator  
  17  0:54  Probe  
  18  1:06  Probe  
  18  1:08  Forge  
  20  1:18  Probe  
  20  1:19  Pylon  
  20  1:28  Zealot (Chrono Boost)  
  22  1:34  Cybernetics Core  
  22  1:45  Photon Cannon  
  22  1:53  Zealot (Chrono Boost)  
  22  2:00  Probe  
  25  2:10  Adept (Chrono Boost)  
  27  2:27  Probe  
  28  2:32  Adept  
  28  2:37  Photon Cannon  
  30  2:41  Photon Cannon  
  30  2:42  Photon Cannon  
  30  2:44  Pylon  
  30  3:05  Shield Battery  
  26  3:08  Probe  
  23  3:14  Adept (Chrono Boost)  
  23  3:15  Assimilator  
  21  3:20  Probe  
  22  3:32  Stargate  
  22  3:33  Probe  
  23  3:45  Probe  
  24  3:57  Probe  
  25  4:09  Probe  
  26  4:20  Pylon  
  26  4:21  Probe  
  25  4:33  Nexus, Probe  
  26  4:45  Pylon  
  26  4:46  Probe  
  27  4:54  Void Ray (Chrono Boost)  
  27  4:58  Probe  
  32  5:10  Probe  
  33  5:16  Stargate  
  33  5:22  Probe  
  33  5:27  Void Ray (Chrono Boost)  
  38  5:38  Protoss Air Weapons Level 1  
  38  5:42  Probe (Chrono Boost)  
  39  5:45  Probe (Chrono Boost)  
  40  5:54  Assimilator  
  40  5:55  Probe (Chrono Boost)  
  40  5:56  Probe (Chrono Boost)  
  40  5:57  Void Ray  
  42  6:00  Probe (Chrono Boost)  
  42  6:03  Probe  
  48  6:11  Probe  
  48  6:16  Probe  
  50  6:19  Void Ray  
  50  6:23  Probe  
  55  6:27  Zealot  
  55  6:29  Probe (Chrono Boost)  
  55  6:32  Pylon  
  58  6:35  Probe (Chrono Boost)  
  58  6:39  Pylon  
  59  6:45  Probe x2 (Chrono Boost)  
  61  6:51  Void Ray (Chrono Boost)  
  61  6:52  Probe  
  66  6:55  Void Ray (Chrono Boost)  
  66  7:00  Probe  
  67  7:05  Probe  
  72  7:14  Probe  
  69  7:16  Assimilator  
  69  7:17  Probe  
  70  7:25  Void Ray (Chrono Boost)  
  70  7:26  Probe  
  75  7:36  Probe  
  76  7:43  Nexus  
  76  7:45  Pylon  
  76  7:46  Pylon  
  76  7:47  Probe  
  77  7:51  Probe  
  76  8:01  Probe  
  77  8:06  Probe  
  77  8:11  Pylon  
  77  8:12  Pylon  
  78  8:21  Nexus  
  78  8:23  Pylon  
  78  8:24  Void Ray (Chrono Boost)  
  78  8:27  Void Ray (Chrono Boost)  
  78  8:29  Probe  
  78  8:31  Probe  
  87  8:35  Gateway  
  87  8:37  Gateway  
  87  8:40  Gateway  
  87  8:41  Gateway, Probe  
  87  8:43  Probe  
  87  8:44  Gateway  
  87  8:45  Warp Gate (Chrono Boost)  
  84  8:53  Probe  
  84  8:54  Twilight Council  
  84  8:56  Probe  
  84  8:59  Nexus  
  84  9:02  Pylon  
  84  9:05  Probe  
  85  9:14  Robotics Facility, Void Ray  
  85  9:16  Pylon  
  85  9:18  Void Ray  
  89  9:30  Charge (Chrono Boost)  
  93  9:37  Pylon x2  
  93  9:39  Dark Shrine  
  93  9:51  Void Ray  
  93  9:52  Pylon  
  97  10:04  Warp Prism  
  99  10:16  Gateway x2  
  99  10:20  Pylon  
  99  10:23  Pylon  
  99  10:26  Zealot x6  
  111  10:54  Nexus  
  111  10:55  Pylon  
  111  10:57  Dark Templar x3  
  111  11:00  Dark Templar  
  119  11:04  Archon x2  
  119  11:10  Observer (Chrono Boost)  
  120  11:18  Dark Templar x2  
  120  11:19  Zealot x2  
  120  11:23  Archon  
  128  11:30  Fleet Beacon  
  128  11:31  Zealot  
  130  11:44  Zealot  
  130  11:45  Zealot x3  
  136  11:53  Dark Templar  
  138  11:54  Dark Templar  
  140  12:05  Archon  
  133  12:28  Protoss Air Weapons Level 2 (Chrono Boost)  
  133  12:29  Zealot x5  
  141  12:30  Zealot x3  
  141  12:33  Assimilator x2, Probe (Chrono Boost)  
  132  12:40  Zealot x6  
  132  12:43  Probe (Chrono Boost)  
  135  12:48  Probe (Chrono Boost)  
  130  12:57  Robotics Bay  
  116  12:59  Probe  
  116  13:04  Zealot x8  
  129  13:12  Robotics Facility, Probe  
  130  13:15  Shield Battery  
  130  13:22  Immortal (Chrono Boost)  
  128  13:37  Shield Battery  
  128  13:38  Pylon  
  128  13:40  Pylon  
  110  13:57  Disruptor (Chrono Boost)  
  112  14:03  Dark Templar x7  
  112  14:07  Disruptor (Chrono Boost)  
  112  14:09  Zealot  
  92  14:33  Zealot  

Tags
 
Add a new tag
Caveats
  • Supply blocks, unpowered buildings, or Contaminate may cause inaccurate times.
  • Supply counts are checked every 10 seconds.